 Dungeon Crawl Stone Soup version 0.27-a0-1119-gbf574a6a6b (webtiles) character file.

Game seed: 11720588039471675060

52 Zeld the Skirmisher (level 3, -1/26 HPs)
             Began as an Octopode Fighter on May 2, 2021.
             Slain by a gnoll
             ... wielding a +0 whip
              (8 damage)
             ... on level 1 of the Dungeon.
             The game lasted 00:01:23 (1707 turns).

Zeld the Skirmisher (Octopode Fighter)              Turns: 1707, Time: 00:01:23

Health: -1/26      AC:  1    Str: 16    XL:     3   Next: 85%
Magic:  3/3        EV: 11    Int: 10    God:
Gold:   68         SH:  9    Dex: 11    Spells: 2/2 levels left

rFire    . . .     SeeInvis .   a - +0 rapier
rCold    . . .     Faith    .   b - +0 kite shield
rNeg     . . .     Spirit   .   (helmet restricted)
rPois    .         Reflect  .   (no amulet)
rElec    .         Harm     .   (no ring)
rCorr    .         Rampage  .   (no ring)
Will     .....                  (no ring)
Stlth    ++........             (no ring)
HPRegen  0.08/turn              (no ring)
MPRegen  0.08/turn              (no ring)
                                (no ring)
                                (no ring)

@: no status effects
A: almost no armour, amphibious, 8 rings, camouflage 1, gelatinous body 1,
(nimble swimmer 1), tentacles
a: no special abilities


You were on level 1 of the Dungeon.
You visited 1 branch of the dungeon, and saw 2 of its levels.

You collected 68 gold pieces.

Inventory:

Hand Weapons
 a - a +0 rapier (weapon)
Armour
 b - a +0 kite shield (worn)
Scrolls
 e - 3 scrolls of blinking {unknown}
 f - a scroll of holy word {unknown}
 g - a scroll of teleportation {unknown}
 h - 3 scrolls of amnesia {unknown}
 i - a scroll of immolation {unknown}
Potions
 c - a potion of might
 d - a potion of curing {unknown}


   Skills:
 * Level 3.6 Fighting
 * Level 2.8 Short Blades
 - Level 3.0 Dodging
 * Level 3.6 Shields


You had 2 spell levels left.
You didn't know any spells.
Your spell library contained the following spells:

 Spells                   Type           Power      Damage    Failure   Level
 Confusing Touch          Hex            0%         N/A       99%         3
 Gell's Gravitas          Tloc           0%         N/A       99%         3
 Petrify                  Tmut/Erth      0%         N/A       100%        4
 Metabolic Englaciation   Hex/Ice        0%         N/A       100%        5
 Yara's Violent Unravell  Hex/Tmut       0%         3d3       100%        5


Dungeon Overview and Level Annotations

Branches:
Dungeon (2/15)

Altars:


Innate Abilities, Weirdness & Mutations

You cannot wear most types of armour.
You are amphibious.
You can wear up to eight rings at the same time.
Your skin changes colour to match your surroundings (Stealth+).
Your rubbery body absorbs attacks. (AC +1, EV +1)
((You are camouflaged near water. (Stealth+)))
You have tentacles for arms and can constrict up to eight enemies at once.


Message History

The adder hisses angrily.
You hit the gnoll. You grab the gnoll. You squeeze the gnoll!
You kill the gnoll!
The giant cockroach barely misses you. The gnoll completely misses you.
You hit the giant cockroach but do no damage.
You grab the giant cockroach. You constrict the giant cockroach.
The giant cockroach barely misses you. You block the gnoll's attack.
The giant cockroach barely misses you.
The gnoll hits you from afar with a +0 spear.
You puncture the giant cockroach!
You kill the giant cockroach!
The gnoll completely misses you. You block the gnoll's attack.
You hit the gnoll. You grab the gnoll. You squeeze the gnoll.
The gnoll is moderately wounded.
You constrict the gnoll, but do no damage.
The gnoll escapes!
The gnoll hits you from afar with a +0 spear!
You block the adder's attack. The gnoll hits you with a +0 whip.
The adder misses you.
Unknown command.
You block the adder's attack. The gnoll hits you with a +0 whip.
* * * LOW HITPOINT WARNING * * *
You see here a +0 chain mail.
There is a stone staircase leading up here.
You block the gnoll's attack.
You climb upwards.
There is a stone staircase leading down here.
You are too injured to fight recklessly!
You are too injured to fight recklessly!
You hit the gnoll. Your grab misses the gnoll. Your squeeze misses the gnoll.
The gnoll is heavily wounded.
The gnoll completely misses you.
You hit the gnoll but do no damage. You grab the gnoll.
The gnoll is heavily wounded.
You constrict the gnoll. The gnoll misses you.
You barely miss the gnoll.
The gnoll is heavily wounded.
You constrict the gnoll. The gnoll hits you with a +0 whip!
You die...

.#.##..# #....................#
##.###.#####..##..............#
........# ##.##..............#
###.....# #.##..............#
#.....## #..###............#
#......# ##.###............#
######.# #..##............#
#####.######g##............#
#............@#............#
#.###).###...##............#
####.# ##.#...#################
.....# #.......# .....#
##......# .....# #......#
.....# #......# .....# #......#
.....# #....).#


You could see a gnoll.

Vanquished Creatures
  2 gnolls
  5 ball pythons
  2 endoplasms (D:1)
  2 giant cockroaches
  3 goblins
  2 hobgoblins
  5 jackals (D:1)
  4 bats (D:1)
  A frilled lizard (D:1)
  3 kobolds (D:1)
29 creatures vanquished.

Notes
Turn   | Place    | Note
-------+----------+-------------------------------------------
     0 | D:1      | Zeld the Octopode Fighter began the quest for the Orb.
     0 | D:1      | Reached XP level 1. HP: 16/16 MP: 1/1
   132 | D:1      | Reached XP level 2. HP: 19/21 MP: 2/2
   656 | D:1      | HP: 1/21 [kobold/+2 whip of electrocution (8)]
   659 | D:1      | Reached XP level 3. HP: 2/26 MP: 3/3
  1707 | D:1      | Slain by a gnoll

Illustrated notes

Levels and vault maps discovered:
D:1:      pf_arrival_petrified_forest, layout_basic
D:2:      layout_rooms, hellmonk_ecumenical_altar_dog_temple

Action                   || total
-------------------------++-------
Melee: Rapier            ||    51
       Constrict         ||    17
       Tentacles         ||    11
 Stab: Sleeping          ||     4
Armor: Skin              ||     6
Dodge: Dodged            ||    25
Block: Kite shield       ||    21

Table legend: (Time is in decaauts)
 A = Elapsed time spent in this place.
 B = Non-inter-level travel time spent in this place.
 C = Inter-level travel time spent in this place.
 D = Time resting spent in this place.
 E = Time spent auto-exploring this place.
 F = Levels seen in this place.
 G = Mean time per level.
                   A        B        C        D        E       F      G
               +--------+--------+--------+--------+--------+-----+--------+
         Total |   1723 |   1656 |     67 |    432 |   1000 |   2 |  861.5 |
       Dungeon |   1723 |   1656 |     67 |    432 |   1000 |   2 |  861.5 |
               +--------+--------+--------+--------+--------+-----+--------+

Top non-repeatable levels by time:
     D:1: 1592 daAuts
     D:2: 131 daAuts
